Thrylla, chaotic female vampiric Wizard ------------ ----- ----- -------------- ----- |..........| |....#####|..%| |...........>| |...| |..........| ------ |...| #....| |.............# ....| ##...........| |....| |...| |..)| |............|# |...| # |..........| |....| -.--- ----- ------------.-# -|-.- ### |..........| #.<...-# ## ## # ### # ------------ ###|....|# # # # *#%#############)###*####.....|# # ### # ## # # ### |....|# # # ### %##% # ## # ------# # ##### #-----# # ## # ----|-### # ---.-------- ------%-- #....|### ## # |....|# ### |..........| |.......| |....# %# # |.....# # |..........| |..["%/@| |...|# ### # |....| ###|..........| |(.?.*+?| |....# ---.-# |....| #...........| |++(@?[(| |...| |...|# ------ |..........| --------- ----- |...|# ------------ |....# ----- Thrylla the Conjurer Experience level: 4 Strength: 9 Dexterity: 14 Constitution: 13 Intelligence: 18 Wisdom: 9 Charisma: 12 Health: 20(27) Energy: 50(50) AC: 9 Gold: 201 Moves: 878 Your Inventory: Coins $ - 201 gold pieces Weapons a - a blessed +1 quarterstaff (weapon in hands) Armor b - an uncursed +0 cloak of magic resistance (being worn) Scrolls j - 2 uncursed scrolls of scare monster Spellbooks k - a blessed spellbook of force bolt l - an uncursed spellbook of jumping Rings d - an uncursed ring of free action (on right hand) e - an uncursed ring of polymorph control (on left hand) n - an [uncursed] granite ring [of slow digestion] Wands c - an uncursed wand of teleportation (0:7) Gems m - an [uncursed] yellow gem [worthless glass] p - an [uncursed] yellowish brown gem [worthless glass] Spells known in the end: Name Level Category Fail Memory a - force bolt 1 attack 0% [||||||||] b - jumping 1 escape 0% [||||||||] Your skills at the end: Fighting Skills Weapon Skills quarterstaff [Basic / Expert] Spellcasting Skills attack spells [Basic / Expert] enchantment spells [Basic / Skilled] Final Attributes: You were fervently aligned. Hunger level was 753. Your alignment was 13 / 14. Monster difficulty range was 0 - 3. Level difficulty was 2. You were immune to sleep. You were immune to level-drain. You were magic-protected. You saw invisible. You could fly. You could survive without air. You regenerated. You had polymorph control. You had free action. You were very unlucky (-9). Anhur was angry with you (3). You are dead. Vanquished creatures: a small mimic a shrieker a hobbit 2 giant rats a kobold 2 goblins 4 lichens 2 kobold zombies 5 newts 19 creatures vanquished. Voluntary challenges: You used a wielded weapon 17 times. You read items or engraved 1 time. You put on armor 1 time. You never genocided any monsters. You never polymorphed an object. You never changed form. You used no wishes. You never wrote Elbereth's name. You never encountered a bones level. You never used any Sokoban shortcuts. Dungeon overview: The Dungeons of Doom: levels 1 to 2 Level 1 a long staircase Level 2 <- You were here a general store History has recorded: On T:1 you entered the Dungeons of Doom to retrieve the Amulet of Yendor! On T:322 you advanced to experience level 2. On T:416 you reached level 2 of The Dungeons of Doom. On T:542 you advanced to experience level 3. On T:655 you advanced to experience level 4. Latest messages: You see here a tin (5 zorkmids). You begin praying to Anhur. You finish your prayer. You feel that Anhur is displeased. [3 turns] You begin praying to Anhur. You finish your prayer. The voice of Anhur booms: "Thou art arrogant, mortal." "Thou must relearn thy lessons!" You feel foolish! [3 turns] You begin praying to Anhur. You finish your prayer. The voice of Anhur booms out: "Thou hast angered me." Suddenly, a bolt of lightning strikes you! Your wand of cold breaks apart and explodes! You fry to a crisp. Asidonhopo gratefully inherits all your possessions. Final status: Goodbye Thrylla the Wizard... You died in The Dungeons of Doom on dungeon level 2 with 747 points, and 201 pieces of gold, after 878 moves. You were level 4 with a maximum of 27 hit points when you died.